AoeStats
← ZionDCG97

MegaRandom

505075432Analyzed
4v4 RM · 25d ago on Sep 7, 2026· 71m 10s· 8 players
Game mode
Random Map
Map size
Large (8 player)
Population
200
Speed
Normal
Resources
Standard
Victory
Conquest
Starting age
Dark Age
Ending age
Imperial Age
RankedLock teamsTeams togetherTeam positionsShared explorationLock speedFull tech treeHidden civsTurbo modeCheats
Victory
Defeat
🇬🇧 Japanese · United Kingdom
887
+15
🇳🇴 Mongols · Norway
861
+16
🇩🇪 Franks · Germany
855
+16
🇫🇷 Teutons · France
846
+18
🇫🇷 Bulgarians · France
907
-17
🇲🇽 Franks · Mexico
876
-17
🇫🇷 Slavs · France
850
-16
🇲🇽 Lithuanians · Mexico
830
-15
no
3:08 Loom
9:55 Feudal Age
10:22 Double-Bit Axe
19:44 Castle Age
17:32 Fishing Lines
21:25 Wheelbarrow
20:35 Town Watch
21:03 Bow Saw
21:17 Horse Collar
23:34 Fervor
23:43 Hand Cart
23:32 Gillnets
27:40 Stone Mining
27:41 Gold Mining
28:42 Caravan
30:33 Town Patrol
30:59 Heavy Plow
35:51 Imperial Age
33:53 Ballistics
33:47 Fortified Wall
33:57 Masonry
35:10 Stone Shaft Mining
35:11 Gold Shaft Mining
35:28 Murder Holes
37:01 Elite Mangudai
38:03 Conscription
37:45 Nomads
38:21 Hoardings
38:51 Chemistry
37:57 Siege Engineers
39:16 Drill
38:52 Fletching
39:02 Padded Archer Armor
39:13 Forging
39:09 Scale Barding Armor
39:22 Thumb Ring
39:42 Parthian Tactics
40:14 Bodkin Arrow
40:35 Leather Archer Armor
40:57 Chain Barding Armor
41:12 Iron Casting
40:44 Husbandry
40:54 Bloodlines
41:55 Bracer
41:47 Capped Ram
41:48 Heavy Scorpion
42:43 Siege Ram
43:58 Elite Steppe Lancer
43:59 Light Cavalry
50:29 Heavy Camel Rider
50:30 Hussar
50:31 Cavalier
53:56 Blast Furnace
52:57 Scale Mail Armor
56:23 Sappers
57:28 Hoardings
57:13 Chain Mail Armor
57:01 Squires
56:46 Arson
56:22 Pikeman
BLONDYN
0:47 Loom
12:45 Feudal Age
13:14 Double-Bit Axe
13:21 Gold Mining
13:22 Stone Mining
21:31 Castle Age
19:47 Forging
19:37 Scale Mail Armor
19:42 Scale Barding Armor
19:30 Fletching
20:52 Scale Barding Armor
22:32 Bow Saw
23:47 Husbandry
24:27 Gold Shaft Mining
24:16 Caravan
26:20 Iron Casting
28:26 Wheelbarrow
28:26 Murder Holes
30:02 Chain Barding Armor
29:48 Squires
30:43 Masonry
32:31 Hand Cart
34:55 Chain Mail Armor
35:24 Fortified Wall
35:34 Ballistics
35:30 Town Watch
38:57 Imperial Age
36:35 Pikeman
37:24 Town Patrol
39:13 Cavalier
39:57 Chivalry
40:17 Conscription
39:20 Halberdier
39:46 Arson
41:43 Architecture
42:31 Blast Furnace
42:04 Elite Throwing Axeman
45:16 #83
45:31 Hoardings
45:30 #83
46:10 Plate Mail Armor
46:15 Plate Barding Armor
45:42 Bodkin Arrow
48:38 Paladin
53:38 Chemistry
Hopsie7806
11:23 Feudal Age
11:51 Double-Bit Axe
11:58 Gold Mining
11:57 Horse Collar
16:39 Castle Age
15:21 Fletching
17:13 Stone Mining
19:59 Bodkin Arrow
20:05 Padded Archer Armor
20:45 Bow Saw
22:41 Loom
23:08 Padded Archer Armor
24:01 Wheelbarrow
26:00 Hand Cart
25:54 Fishing Lines
28:52 Leather Archer Armor
28:37 Scale Mail Armor
28:59 Forging
33:32 Imperial Age
32:57 Chain Mail Armor
33:01 Thumb Ring
33:02 Crossbowman
33:42 Murder Holes
33:58 Fortified Wall
35:57 Bracer
36:17 Medium Warships
36:21 Guard Tower
37:32 Chemistry
38:34 Plate Mail Armor
38:39 Iron Casting
39:02 Yasama
42:27 Keep
42:14 Ballistics
41:43 Pikeman
42:23 Squires
45:11 Two-Man Saw
45:35 Halberdier
47:17 Blast Furnace
47:45 Heavy Warships
69:53 Kataparuto
Skibidi Bop
10:31 Feudal Age
12:48 Man-at-Arms
16:59 Forging
19:46 Loom
22:19 Castle Age
20:31 Double-Bit Axe
20:31 Horse Collar
20:46 Gold Mining
26:43 Iron Casting
26:09 Scale Mail Armor
26:14 Scale Barding Armor
27:25 Bloodlines
32:07 Wheelbarrow
31:29 Stone Mining
36:42 Heavy Plow
36:59 Bow Saw
37:11 Hand Cart
40:40 Imperial Age
41:30 Elite Teutonic Knight
43:22 Blast Furnace
42:38 Chain Mail Armor
46:17 Crenellations
47:19 Ironclad
46:55 Onager
50:56 Plate Mail Armor
64:02 Arson
64:19 Squires
maxoog93
5:15 Loom
15:22 Feudal Age
16:08 Man-at-Arms
17:06 Double-Bit Axe
17:24 Horse Collar
23:55 Castle Age
23:16 Forging
23:13 Scale Barding Armor
23:29 Gold Mining
23:42 Stone Mining
24:43 Heavy Plow
25:17 Bow Saw
25:22 Light Cavalry
26:04 Husbandry
29:51 Wheelbarrow
31:00 Hand Cart
36:46 Imperial Age
35:40 Iron Casting
35:28 Chain Barding Armor
35:11 Detinets
35:45 Bloodlines
38:01 Conscription
38:23 Crop Rotation
38:39 Gold Shaft Mining
37:48 Hussar
43:21 Plate Barding Armor
43:50 Blast Furnace
45:45 Capped Ram
55:06 Cavalier
Soldat_Ultime0
2:10 Loom
15:12 Feudal Age
18:53 Arson
22:27 Castle Age
23:57 Scale Barding Armor
23:37 Horse Collar
23:45 Double-Bit Axe
27:46 Chain Barding Armor
29:17 Heavy Plow
29:43 Medium Warships
35:35 Wheelbarrow
34:46 Town Watch
36:29 Ballistics
37:50 Bow Saw
40:50 Forging
46:33 Imperial Age
45:44 Gambesons
46:00 Squires
46:28 Bloodlines
46:18 Husbandry
46:26 Gold Mining
47:05 Murder Holes
48:14 Chemistry
47:10 Murder Holes
50:03 Plate Barding Armor
53:28 Crop Rotation
52:37 Onager
60:14 Heavy Scorpion
61:52 Gold Shaft Mining
68:59 Light Cavalry
rick_m94
12:01 Feudal Age
18:36 Castle Age
18:19 Double-Bit Axe
19:52 Husbandry
20:08 Scale Barding Armor
20:15 Forging
21:38 Gold Mining
23:47 Wheelbarrow
24:44 Hand Cart
25:38 Chain Barding Armor
29:05 Iron Casting
30:28 Gold Shaft Mining
29:44 Stone Mining
30:08 Bow Saw
33:28 Fortified Wall
36:57 Imperial Age
34:18 Town Watch
36:11 Town Patrol
41:12 Cavalier
41:55 Chivalry
43:17 Plate Barding Armor
43:42 Blast Furnace
43:12 Paladin
51:33 Conscription
55:48 Fletching
55:58 Padded Archer Armor
57:01 Chemistry
56:22 Ballistics
55:50 Gambesons
56:06 Squires
55:26 Pikeman
56:43 Halberdier
56:53 Light Cavalry
61:08 Elite Skirmisher
ZionDCG97
6:03 Loom
16:08 Feudal Age
17:10 Double-Bit Axe
17:08 Horse Collar
21:27 Castle Age
20:06 Wheelbarrow
19:23 Man-at-Arms
23:25 Crossbowman
24:10 Thumb Ring
27:24 Bow Saw
27:17 Heavy Plow
27:46 Pikeman
30:32 Hand Cart
33:26 Husbandry
32:47 Light Cavalry
33:37 Bloodlines
37:50 Imperial Age
35:06 Town Watch
35:25 Murder Holes
35:12 Treadmill Crane
35:43 Masonry
35:54 Ballistics
36:45 Padded Archer Armor
36:36 Fletching
36:56 Forging
36:47 Scale Mail Armor
36:53 Scale Barding Armor
37:41 Elite Skirmisher
41:14 Leather Archer Armor
40:54 Bodkin Arrow
41:35 Iron Casting
41:15 Chain Mail Armor
41:21 Chain Barding Armor
42:06 Chemistry
41:37 Architecture
40:58 Heated Shot
41:18 Fortified Wall
41:00 Guard Tower
42:14 Town Patrol
41:40 Halberdier
42:20 Squires
42:05 Arson
41:41 Long Swordsman
41:43 Heavy Cavalry Archer
42:42 Bloodlines
44:42 Hoardings
44:09 Tower Shields
47:48 Cavalier
48:59 Cavalier
55:44 Hill Forts
55:04 Elite Leitis
58:50 Plate Barding Armor
58:03 Paladin
59:17 Ring Archer Armor
58:47 Bracer
Connection lost

Rejoining the realm…

Still unreachable

The connection could not be restored.

Session expired

The server has moved on; the page needs a fresh start.